 Dungeon Crawl Stone Soup version 0.24-a0-613-g1ff6aac338 (webtiles) character file.

Game seed: 1160652041811945726, levelgen mode: deterministic

59 Jorund the Chopper (level 3, 0/28 HPs)
             Began as a Demonspawn Gladiator on Sept 12, 2019.
             Slain by an ice beast (1 damage)
             ... on level 3 of the Dungeon.
             The game lasted 00:02:25 (1693 turns).

Jorund the Chopper (Demonspawn Gladiator)           Turns: 1693, Time: 00:02:25

Health: 0/28       AC:  5    Str: 14    XL:     3   Next: 78%
Magic:  3/3        EV: 12    Int: 13    God:
Gold:   94         SH:  0    Dex: 14    Spells: 2/2 levels left

rFire    . . .     SeeInvis .   a - +0 war axe
rCold    + + .     Gourm    .   (no shield)
rNeg     . . .     Faith    .   b - +0 leather armour
rPois    .         Spirit   .   c - +0 helmet
rElec    .         Reflect  .   (no cloak)
rCorr    .         Harm     .   m - +0 pair of gloves
MR       .....                  (no boots)
Stlth    +.........             l - amulet of regeneration
HPRegen  0.49/turn              h - +3 ring of intelligence
MPRegen  0.08/turn              j - ring of protection from cold

@: very slightly contaminated, invisible
A: cold resistance 1
a: no special abilities


You were on level 3 of the Dungeon.
You were near starving.

You visited 1 branch of the dungeon, and saw 3 of its levels.

You collected 94 gold pieces.

Inventory:

Hand Weapons
 a - a +0 war axe (weapon)
Missiles
 d - 3 throwing nets (quivered)
 o - 6 poisoned darts
Armour
 b - a +0 leather armour (worn)
 c - a +0 helmet (worn)
 m - a +0 pair of gloves (worn)
Jewellery
 h - a +3 ring of intelligence (left hand)
 j - a ring of protection from cold (right hand)
 l - an amulet of regeneration (around neck)
Scrolls
 e - 2 scrolls of remove curse {unknown}
 i - 5 scrolls of identify {unknown}
 k - a scroll of teleportation {unknown}
 n - a scroll of amnesia {unknown}
Comestibles
 f - 4 rations


   Skills:
 + Level 2.4 Fighting
 + Level 3.6 Axes
 + Level 1.9 Throwing
 + Level 1.2 Armour
 - Level 2.6 Dodging


You had 2 spell levels left.
You didn't know any spells.
Your spell library was empty.

Dungeon Overview and Level Annotations

Branches:
Dungeon (3/15)

Altars:
Hepliaklqana
Uskayaw
Vehumet
Yredelemnul


Innate Abilities, Weirdness & Mutations

Your flesh is cold resistant. (rC+)


Message History

The ice beast is heavily wounded.
The ice beast closely misses you. The ice beast hits you.
The ice beast freezes you. You resist.
Unknown command.
You hit the ice beast but do no damage.
The ice beast is heavily wounded.
The ice beast hits you. The ice beast freezes you. You resist.
It was a potion of invisibility.
You fade into invisibility!
The ice beast hits you.
* * * LOW HITPOINT WARNING * * *
The ice beast freezes you. You resist.
* * * LOW HITPOINT WARNING * * *
You are very lightly contaminated with residual magic.
You hit the ice beast but do no damage.
The ice beast is heavily wounded.
The ice beast hits you.
* * * LOW HITPOINT WARNING * * *
The ice beast freezes you. You resist.
You die...

#############
##.....#.....#########
##....................#
#...†.................#
#....<)...............#
#..(............@Y....#
#................)....#
#...................?.#
#................>....#
##.............#.###.##
##.....#.....##.# .#
[..#######.. ..# # ###
### ..#


You could see an ice beast.

Vanquished Creatures
  An adder (D:2)
  An ooze (D:3)
  2 dart slugs (D:1)
  A worm (D:2)
  A leopard gecko (D:2)
  An orc (D:3)
  3 bats
  A giant cockroach (D:1)
  5 goblins
  3 hobgoblins
  4 jackals (D:2)
  7 kobolds
  2 frilled lizards (D:2)
  3 rats
35 creatures vanquished.

Vanquished Creatures (others)
  5 toadstools (D:1)
5 creatures vanquished.

Grand Total: 40 creatures vanquished

Notes
Turn   | Place    | Note
-------+----------+-------------------------------------------
     0 | D:1      | Jorund the Demonspawn Gladiator began the quest for the
                  | Orb.
     0 | D:1      | Reached XP level 1. HP: 16/16 MP: 1/1
   176 | D:1      | Reached skill level 3 in Axes
   176 | D:1      | Gained mutation: Your flesh is cold resistant. (rC+)
                  | [demonic ancestry]
   176 | D:1      | Reached XP level 2. HP: 20/22 MP: 2/2
   949 | D:2      | Reached XP level 3. HP: 27/28 MP: 3/3
   965 | D:2      | Found a basalt altar of Yredelemnul.
   965 | D:2      | Found a hide-covered altar of Uskayaw.
   966 | D:2      | Found a hazy altar of Hepliaklqana.
  1133 | D:2      | Reached skill level 1 in Armour
  1327 | D:2      | Found a radiant altar of Vehumet.
  1675 | D:3      | Noticed an ice beast
  1693 | D:3      | HP: 1/28 [ice beast (2)]
  1693 | D:3      | Slain by an ice beast

Levels and vault maps discovered:
D:1:      ldierk_walled_garden, layout_loops_corners
D:2:      layout_basic, nicolae_overflow_quartered_altars
D:3:      layout_rooms, chequers_serial_rivers_micro_d, uniq_sigmund

Skill      XL: |  1  2  3 |
---------------+----------+-----
Axes           | 3 |  3.6
Armour         | 1 |  1.2
Fighting       | |  2.4
Throwing       | |  1.9
Dodging        | |  2.6

Action                   || total
-------------------------++-------
Melee: War axe           ||   117
  Use: Potion            ||     1
 Stab: Sleeping          ||     1
  Eat: Chunk             ||     1
Armor: Leather armour    ||    50
Dodge: Dodged            ||    98

Table legend:
 A = Non-vault XP
 B = Vault XP
 C = Vault XP percentage of total XP
 D = Non-vault monster count
 E = Vault monster count
 F = Vault count percentage of total count
                 A         B        C        D         E       F
            +---------+---------+-------+---------+---------+-------
      Total |      85 |       0 |   0.0 |      35 |       0 |   0.0
            +---------+---------+-------+---------+---------+-------
        D:1 |      21 |       0 |   0.0 |       9 |       0 |   0.0
        D:2 |      51 |       0 |   0.0 |      22 |       0 |   0.0
        D:3 |      13 |       0 |   0.0 |       4 |       0 |   0.0
            +---------+---------+-------+---------+---------+-------
